AoeStats
← 恆浪蕩

MegaRandom

508245974Analyzed
4v4 RM · 10d ago on Sep 21, 2026· 32m 23s· 8 players
Game mode
Random Map
Map size
Large (8 player)
Population
200
Speed
Normal
Resources
Standard
Victory
Conquest
Starting age
Dark Age
Ending age
Imperial Age
RankedLock teamsTeams togetherTeam positionsShared explorationLock speedFull tech treeHidden civsTurbo modeCheats
Victory
Defeat
1662
+15
🇹🇼 Tatars · Taiwan
1617
+17
🇹🇼 Cumans · Taiwan
1598
+25
🇹🇼 Malay · Taiwan
1533
+20
🇦🇷 Wu · Argentina
1712
-20
🇭🇰 Celts · Hong Kong SAR China
1627
-17
🇹🇼 Portuguese · Taiwan
1614
-17
🇹🇼 Bengalis · Taiwan
1609
-16
我現在強的(可怕)
10:03 Feudal Age
10:32 Double-Bit Axe
10:27 Horse Collar
13:07 Loom
15:58 Wheelbarrow
19:17 Scale Barding Armor
22:40 Bloodlines
26:53 Castle Age
24:53 Gold Mining
26:40 Forging
27:56 Chain Barding Armor
27:50 Bow Saw
27:40 Heavy Plow
28:17 Gold Shaft Mining
28:59 Town Watch
30:07 Hand Cart
白毛
6:11 Loom
9:16 Feudal Age
15:01 Fletching
22:31 Castle Age
22:04 Padded Archer Armor
23:13 Bodkin Arrow
23:11 Crossbowman
少操无用心 多操爱的人
8:22 Loom
10:37 Feudal Age
11:07 Double-Bit Axe
12:41 Bloodlines
15:34 Horse Collar
18:23 Scale Barding Armor
19:57 Forging
21:39 Wheelbarrow
24:52 Castle Age
25:05 Town Watch
24:56 Light Cavalry
25:37 Husbandry
26:12 Bow Saw
26:07 Husbandry
27:32 Chain Barding Armor
機會同學
9:27 Loom
11:39 Feudal Age
16:24 Castle Age
14:48 Double-Bit Axe
27:33 Horse Collar
羅鈸棒
7:35 Loom
10:00 Feudal Age
14:53 Double-Bit Axe
19:05 Scale Barding Armor
20:54 Forging
21:39 Bloodlines
21:21 Horse Collar
26:44 Castle Age
26:53 Light Cavalry
Sean
9:42 Feudal Age
7:58 Loom
12:04 Fletching
23:58 Castle Age
22:37 Double-Bit Axe
22:42 Gold Mining
24:00 Crossbowman
24:36 Bodkin Arrow
默默默默默
7:38 Loom
9:57 Feudal Age
10:38 Double-Bit Axe
11:46 Double-Bit Axe
19:06 Fletching
22:08 Castle Age
20:34 Gold Mining
20:57 Padded Archer Armor
21:14 Horse Collar
22:50 Bodkin Arrow
22:26 Crossbowman
27:58 Ballistics
29:00 Leather Archer Armor
恆浪蕩
6:33 Loom
10:00 Feudal Age
10:47 Double-Bit Axe
13:15 Fletching
21:23 Wheelbarrow
21:08 Padded Archer Armor
23:55 Castle Age
25:31 Crossbowman
29:57 Bodkin Arrow
Connection lost

Rejoining the realm…

Still unreachable

The connection could not be restored.

Session expired

The server has moved on; the page needs a fresh start.